 Dungeon Crawl Stone Soup version 0.29-a0-233-g1125b37a9b (webtiles) character file.

Game seed: 15247071451360077525

3694 drugrobin the Cleaver (level 9, -9/75 HPs)
             Began as a Demigod Fighter on Mar 2, 2022.
             Mangled by a two-headed ogre
             ... wielding a +0 giant spiked club
              (17 damage)
             ... on level 7 of the Dungeon.
             The game lasted 00:18:47 (10010 turns).

drugrobin the Cleaver (Demigod Fighter)            Turns: 10010, Time: 00:18:48

Health: -9/75      AC: 13    Str: 29    XL:     9   Next: 60%
Magic:  11/11      EV:  7    Int: 10    God:
Gold:   389        SH:  4    Dex: 13    Spells: 8/8 levels left

rFire   + . .      SeeInvis .   a - +2 hand axe (elec)
rCold   x . .      Faith    .   l - +0 buckler
rNeg    . . .      Spirit   .   G - +0 plate armour
rPois   +          Reflect  .   (no helmet)
rElec   .          Harm     .   C - +0 cloak
rCorr   .          Rampage  .   E - +0 pair of gloves
Will    .....                   (no boots)
Stlth   ..........              (no amulet)
HPRegen 0.22/turn               z - ring of fire
MPRegen 0.12/turn               u - ring of poison resistance

@: no status effects
A: high MP 1, forlorn, divine attributes
a: no special abilities


You were on level 7 of the Dungeon.
You visited 1 branch of the dungeon, and saw 7 of its levels.

You collected 389 gold pieces.

Inventory:

Hand Weapons
 a - a +2 hand axe of electrocution (weapon)
 b - a +0 fustibalus
 c - a +0 war axe
 F - a +2 hand axe of freezing
Missiles
 h - 269 stones (quivered)
 y - 3 poisoned darts
Armour
 l - a +0 buckler (worn)
 C - a +0 cloak (worn)
 E - a +0 pair of gloves (worn)
 G - a +0 plate armour (worn)
Jewellery
 f - a ring of resist corrosion
 u - a ring of poison resistance (right hand)
 z - a ring of fire (left hand)
Wands
 x - a wand of iceblast (6)
 B - a wand of flame (26)
Scrolls
 e - 9 scrolls of identify
 g - 3 scrolls of magic mapping {unknown}
 i - 3 scrolls of teleportation
 k - a scroll of amnesia {unknown}
 m - 2 scrolls of enchant armour {unknown}
 n - 2 scrolls of fog {unknown}
 q - 2 scrolls of blinking {unknown}
 v - a scroll of fear {unknown}
 w - a scroll of vulnerability {unknown}
 A - 2 scrolls of enchant weapon {unknown}
Potions
 d - 2 potions of might
 o - 2 potions of degeneration {unknown}
 p - 2 potions of attraction {unknown}
 r - 2 potions of curing {unknown}
 D - a potion of cancellation {unknown}


   Skills:
 + Level 5.8 Fighting
 + Level 12.1 Axes
 - Level 2.6 Armour
 - Level 2.6 Shields


You had 8 spell levels left.
You didn't know any spells.
Your spell library contained the following spells:

 Spells                   Type           Power      Damage    Failure   Level
 Beastly Appendage        Tmut           0%         N/A       99%         1
 Wereblood                Tmut           0%         N/A       100%        2
 Spider Form              Tmut/Pois      0%         N/A       100%        3
 Summon Guardian Golem    Hex/Summ       0%         N/A       100%        3
 Orb of Destruction       Conj           0%         9d5       100%        7
 Spellforged Servitor     Conj/Summ      0%         N/A       100%        7


Dungeon Overview and Level Annotations

Branches:
Dungeon (7/15)             Temple (0/1) D:5

Shops:
D:4 [   D:7 =

Annotations:
D:7 3 runed translucent doors


Innate Abilities, Weirdness & Mutations

You have an increased reservoir of magic. (+10% MP)
You shall have no god before yourself.
Your divine heritage dramatically boosts your attributes as you level up.


Message History

Lightning courses through the two-headed ogre!!
Something hits you but does no damage. Something hits you.
You barely miss something. You slash the two-headed ogre!
You block the two-headed ogre's attack.
The two-headed ogre hits you but does no damage.
Something hits you but does no damage.
Unknown command.
You closely miss something. You hit the two-headed ogre.
Something hits you but does no damage. Something hits you!
Unknown command.
You hit something.
You completely miss the two-headed ogre.
Something hits you.
The two-headed ogre hits you with a +0 giant spiked club!
You block the two-headed ogre's attack.
Unknown command.
You hit the two-headed ogre.
The two-headed ogre is heavily wounded.
You hit something.
Something hits you but does no damage. x2
The two-headed ogre hits you with a +0 giant spiked club.
The two-headed ogre hits you with a +0 giant spiked club!
* * * LOW HITPOINT WARNING * * *
Unknown command.
Unknown command.
Unknown command.
You hit the two-headed ogre.
The two-headed ogre is severely wounded.
You slash something! Something hits you.
* * * LOW HITPOINT WARNING * * *
Unknown command.
Unknown command.
Aiming: Iceblast
Press: ? - help, Shift-Dir - straight line The mass of ice explodes!
The iceblast engulfs the two-headed ogre!
The two-headed ogre is almost dead.
The iceblast engulfs something!
Something hits you.
* * * LOW HITPOINT WARNING * * *
The two-headed ogre hits you with a +0 giant spiked club!
You die...

#......#.# #.#...###...#.#.##.#
..###..#.# #.#...........#.##.#
###..#.#.# #.##..###.......##.##
#.#.##.#.# #.##..# #............
..#..#...# #.##..# #............
#.##.#...# #.##..###.#.#.#.#####
#..#.#.#.# #.##).......#.#.# #
##.#.#.#.# ##'#O).........#.# #
#..#.#.#.###...#@...........# #
#....#.........#.........#### #
###..#...##.................## #
.####....#...................####
...###...#..#..#.................
#........#..#..#.....#....#..####
...###....................#..####
.###........#...................#
##....#.....#.#..............####


You could see a two-headed ogre.

Vanquished Creatures
  A komodo dragon (D:7)
  Grinder (D:6)
  A wraith (D:7)
  Menkaure (D:5)
  A steam dragon (D:6)
  Edmund (D:4)
  3 water moccasins (D:7)
  A sky beast (D:7)
  2 orc warriors (D:6)
  An ice beast (D:5)
  2 ogres
  2 centaurs
  A phantom (D:3)
  2 bullfrogs
  A necrophage (D:6)
  2 scorpions
  6 wights
  5 killer bees (D:7)
  3 howler monkeys (D:7)
  A jelly (D:6)
  3 hounds
  4 orc priests
  Crazy Yiuf (D:5)
  3 iguanas
  5 orc wizards
  9 adders
  4 gnolls (D:5)
  4 shadow imps
  A white imp (D:6)
  4 ufetubi
  2 dart slugs
  2 worms
  22 orcs
  3 ball pythons
  3 bats
  5 endoplasms
  3 giant cockroaches
  7 goblins
  7 hobgoblins
  4 quokkas
  4 frilled lizards
  9 kobolds
  5 rats
152 creatures vanquished.

Notes
Turn   | Place    | Note
-------+----------+-------------------------------------------
     0 | D:1      | drugrobin the Demigod Fighter began the quest for the Orb.
     0 | D:1      | Reached XP level 1. HP: 18/18 MP: 3/3
   212 | D:1      | Reached skill level 2 in Axes
   604 | D:1      | Reached XP level 2. HP: 25/25 MP: 4/4
  1181 | D:2      | Reached skill level 3 in Axes
  1517 | D:2      | Reached XP level 3. HP: 17/30 MP: 5/5
  2041 | D:2      | Reached skill level 4 in Axes
  2041 | D:2      | Reached XP level 4. HP: 31/37 MP: 6/6
  2788 | D:4      | Noticed a phantom
  2809 | D:3      | Killed a phantom
  2810 | D:3      | Reached skill level 5 in Axes
  2810 | D:3      | Reached XP level 5. HP: 30/42 MP: 7/7
  3012 | D:4      | Noticed an ogre
  3775 | D:4      | Killed an ogre
  3776 | D:4      | Reached skill level 6 in Axes
  3776 | D:4      | Reached XP level 6. HP: 39/50 MP: 8/8
  4292 | D:4      | Found Guhicw's Armour Emporium.
  4453 | D:5      | Entered Level 5 of the Dungeon
  4709 | D:5      | Noticed Menkaure
  4710 | D:5      | Reached skill level 7 in Axes
  5142 | D:5      | Noticed Edmund
  5156 | D:5      | HP: 1/50 [Edmund/+4 dire flail of protection (9)]
  5159 | D:5      | Reached XP level 7. HP: 2/56 MP: 9/9
  5396 | D:4      | Killed Edmund
  5596 | D:6      | Reached skill level 8 in Axes
  6110 | D:7      | Reached skill level 9 in Axes
  6149 | D:7      | Reached XP level 8. HP: 28/62 MP: 10/10
  6389 | D:6      | Reached skill level 10 in Axes
  6408 | D:6      | Noticed Grinder
  6445 | D:5      | Killed Menkaure
  6804 | D:5      | Found a runed translucent door.
  6805 | D:5      | Noticed Crazy Yiuf
  6811 | D:5      | Killed Crazy Yiuf
  7014 | D:5      | Found a staircase to the Ecumenical Temple.
  7390 | D:6      | Reached skill level 11 in Axes
  7946 | D:6      | Killed Grinder
  7947 | D:6      | Reached XP level 9. HP: 71/71 MP: 11/11
  8419 | D:7      | Found Geetody's Jewellery Shop.
  8843 | D:7      | Noticed a komodo dragon
  8976 | D:7      | Killed a komodo dragon
  8977 | D:7      | Reached skill level 5 in Fighting
  9487 | D:7      | Reached skill level 12 in Axes
  9606 | D:7      | Found a runed translucent door.
  9606 | D:7      | Noticed a white ugly thing
  9607 | D:7      | Found a runed translucent door.
  9646 | D:7      | Found a runed translucent door.
  9646 | D:7      | Noticed a four-headed hydra
  9653 | D:7      | Noticed a red ugly thing
  9653 | D:7      | Noticed a two-headed ogre
 10010 | D:7      | Mangled by a two-headed ogre

Illustrated notes

Levels and vault maps discovered:
D:1:      minmay_arrival_cross, layout_basic, ebering_ecumenical_altar_mist
D:2:      layout_loops_cross
D:3:      layout_rooms, grunt_decor_arrowhead, minmay_misc_feat_tower
D:4:      layout_loops_ring, serial_shops, nicolae_shop_hallway_plus
D:5:      layout_cave_pools, minmay_temple_entry_enclosed_plants,
          dk_rats_in_the_wall, uniq_menkaure, uniq_crazy_yiuf_cottage,
          uniq_edmund
D:6:      layout_loops_cross, dk_noncrumbling_2, uniq_grinder
D:7:      minmay_the_grid_triangle_9x9_rhombus_thin
          [minmay_the_grid_triangle_9x9_fully_insulated_deathbox,
          minmay_the_grid_triangle_9x9_prize_special,
          minmay_the_grid_triangle_9x9_corrupted_corridor,
          minmay_the_grid_triangle_9x9_dagger], layout_basic, serial_shops, shop

Skill      XL: |  1  2  3  4  5  6  7  8  9 |
---------------+----------------------------+-----
Axes           | 2 3 4 5 6 7 9 11 12 | 12.1
Fighting       | 3 5 |  5.8
Armour         | |  2.6
Shields        | |  2.6

Action                   |  1- 3 |  4- 6 |  7- 9 || total
-------------------------+-------+-------+-------++-------
Melee: War axe           |    22 |       |    11 ||    33
       Hand axe          |    60 |   153 |   259 ||   472
 Fire: Hunting sling     |    11 |       |       ||    11
       Fustibalus        |       |    20 |     6 ||    26
Throw: Stone             |     1 |     3 |     2 ||     6
       Throwing net      |       |       |     3 ||     3
       Dart              |       |       |     3 ||     3
Evoke: Wand              |       |       |    15 ||    15
  Use: Potion            |       |       |     2 ||     2
       Scroll            |       |       |     2 ||     2
 Stab: Held in net/web   |       |       |     2 ||     2
Armor: Scale mail        |    28 |    11 |       ||    39
       Chain mail        |       |    55 |    55 ||   110
       Plate armour      |       |       |    41 ||    41
Dodge: Dodged            |    35 |    57 |    67 ||   159
Block: Buckler           |    17 |    32 |    44 ||    93

Table legend: (Time is in decaauts)
 A = Elapsed time spent in this place.
 B = Non-inter-level travel time spent in this place.
 C = Inter-level travel time spent in this place.
 D = Time resting spent in this place.
 E = Time spent auto-exploring this place.
 F = Levels seen in this place.
 G = Mean time per level.
                   A        B        C        D        E       F      G
               +--------+--------+--------+--------+--------+-----+--------+
         Total |  10036 |   9830 |    206 |   2366 |   5383 |   7 | 1433.7 |
       Dungeon |  10036 |   9830 |    206 |   2366 |   5383 |   7 | 1433.7 |
               +--------+--------+--------+--------+--------+-----+--------+

Top non-repeatable levels by time:
     D:6: 2262 daAuts
     D:4: 1642 daAuts
     D:7: 1413 daAuts
     D:3: 1386 daAuts
     D:5: 1255 daAuts
     D:2: 1042 daAuts
     D:1: 1033 daAuts
